 Dungeon Crawl Stone Soup version 0.29.1-1-gd02db6906a (webtiles) character file.

Game seed: 4629927746113227760

30 hawla the Caller (level 3, -1/26 HPs)
             Began as a Meteoran Summoner on Oct 11, 2022.
             Slain by an orc
             ... wielding a +0 hand axe
              (3 damage)
             ... on level 3 of the Dungeon.
             The game lasted 00:03:47 (814 turns).

hawla the Caller (Meteoran Summoner)                 Turns: 814, Time: 00:03:47

Health: -1/26      AC:  5    Str:  9    XL:     3   Next: 58%
Magic:  7/8        EV: 13    Int: 18    God:
Gold:   101        SH:  0    Dex: 15    Spells: 5/8 levels left

rFire   . . .      SeeInvis .   (no weapon)
rCold   . . .      Faith    .   (no shield)
rNeg    . . .      Spirit   .   a - +0 robe
rPois   .          Reflect  .   k - +2 helmet
rElec   .          Harm     .   (no cloak)
rCorr   .          Rampage  .   (no gloves)
Will    .....                   (no boots)
Stlth   +.........              (no amulet)
HPRegen 0.08/turn               (no ring)
MPRegen 0.11/turn               (no ring)

@: hasted, glowing, very quick
A: sense surroundings 1, otherworldly, glowing, explore regen
a: no special abilities


You were on level 3 of the Dungeon.
You visited 1 branch of the dungeon, and saw 3 of its levels.

You collected 101 gold pieces.

Inventory:

Armour
 a - a +0 robe (worn)
 k - a +2 helmet (worn)
Scrolls
 c - 3 scrolls of identify {unknown}
 e - 2 scrolls of teleportation {unknown}
 f - a scroll of noise {unknown}
 g - a scroll of enchant weapon {unknown}
 h - 2 scrolls of poison {unknown}
Potions
 b - a potion of magic
 i - a potion of might {unknown}
 j - 2 potions of ambrosia {unknown}


   Skills:
 + Level 2.9 Dodging
 + Level 1.5 Stealth
 + Level 0.5 Unarmed Combat
 + Level 3.2 Spellcasting
 + Level 5.3 Summonings


You had 5 spell levels left.
You knew the following spells:

 Your Spells              Type           Power      Damage    Failure   Level
a - Summon Small Mammal   Summ           88%        N/A       1%          1
b - Call Imp              Summ           22%        N/A       2%          2

Your spell library contained the following spells:

 Spells                   Type           Power      Damage    Failure   Level
 Call Canine Familiar     Summ           22%        N/A       5%          3
 Summon Guardian Golem    Hex/Summ       12%        N/A       16%         3
 Summon Lightning Spire   Summ/Air       12%        N/A       47%         4


Dungeon Overview and Level Annotations

Branches:
Dungeon (3/15) Zot: 985

Altars:
Sif Muna

Shops:
D:2 :


Innate Abilities, Weirdness & Mutations

You passively map a small area around you.
You are easily found by Zot.
You glow in the dark.
You regain HP and MP as you explore.


Message History

Sorry, you're not good enough to have a special ability.
Unknown command.
You're too confused to cast spells.
Sorry, you're not good enough to have a special ability.
Unknown command.
You're too confused to cast spells.
Are you sure you want to stumble around while confused and next to your bat? [Y]es or [N]o only, please.
Are you sure you want to stumble around while confused and next to your bat? [Y]es or [N]o only, please.
Are you sure you want to stumble around while confused and next to your bat?
Okay, then.
Your bat hits the orc wizard.
Your bat closely misses the orc.
The orc wizard barely misses your bat.
Your bat hits the orc.
Your bat barely misses the orc wizard.
The orc hits you but does no damage. The orc barely misses you.
Your bat closely misses the orc wizard.
The orc closely misses you. The orc wizard barely misses you.
The orc misses you.
Your bat barely misses the orc wizard.
The orc hits you with a +0 club. The orc barely misses you.
The orc wizard hits you with a +0 dagger.
The orc hits you but does no damage. The orc hits you with a +0 club.
Your bat hits the orc wizard but does no damage.
The orc hits you with a +0 club. The orc barely misses you.
The orc barely misses your bat. The orc hits you with a +0 war axe.
The orc wizard hits you with a +0 dagger.
The orc hits you but does no damage.
In your confused state, you trip and fall back down the stairs.
You feel less confused.
Your bat closely misses the orc wizard.
The orc barely misses you. The orc hits you with a +0 war axe.
* * * LOW HITPOINT WARNING * * *
The orc wizard hits you with a +0 dagger.
* * * LOW HITPOINT WARNING * * *
The orc closely misses you. The orc hits you but does no damage.
It was a potion of haste.
You feel yourself speed up.
Your bat barely misses the orc wizard.
The orc hits you with a +0 club.
* * * LOW HITPOINT WARNING * * *
The orc hits you with a +0 hand axe.
You die...

* * * .,
* .. ,,
,* * .. ,
,,
.##.#####
,
........#
......oo#
......o@#
*
.....boo#
,,
........#
.......##
.......
....... ~
....... ~
~
.......*
~ *


You could see an orc wizard (ally target), 4 orcs and a friendly bat (summoned).

Vanquished Creatures
  A goblin (D:2)
1 creature vanquished.

Vanquished Creatures (collateral kills)
  3 dart slugs (D:2)
  2 ball pythons (D:2)
  4 bats (D:2)
  2 endoplasms (D:2)
  A giant cockroach (D:2)
  2 goblins (D:2)
  2 hobgoblins (D:2)
  A kobold (D:2)
  A quokka (D:2)
  2 rats (D:2)
20 creatures vanquished.

Grand Total: 21 creatures vanquished

Notes
Turn   | Place    | Note
-------+----------+-------------------------------------------
     0 | D:1      | hawla the Meteoran Summoner began the quest for the Orb.
     0 | D:1      | Reached XP level 1. HP: 14/14 MP: 5/5
    42 | D:1      | You fall into a shaft and drop 1 floor!
   116 | D:2      | Reached skill level 5 in Summonings
   146 | D:2      | Reached XP level 2. HP: 16/20 MP: 4/6
   192 | D:2      | Found Vesu's Vocational Training.
   349 | D:2      | Reached XP level 3. HP: 23/26 MP: 6/8
   352 | D:2      | Learned a level 2 spell: Call Imp
   435 | D:2      | Found a shimmering blue altar of Sif Muna.
   814 | D:3      | Slain by an orc

Illustrated notes

Levels and vault maps discovered:
D:1:      dpeg_arrival_tiny_i, layout_basic, minmay_misc_feat_x,
          serial_bayou_pond_c, nicolae_hexahallways
D:2:      layout_loops_ring, basic_altar, nicolae_shop_vocational
D:3:      layout_rooms, mainiacjoe_overflow_paths,
          hellmonk_ecumenical_altar_zigzags, minmay_misc_feat_encased

Skill      XL: |  1  2  3 |
---------------+----------+-----
Summonings     | 5 |  5.3
Spellcasting   | 3 |  3.2
Dodging        | |  2.9
Stealth        | |  1.5
Unarmed Combat | |  0.5

Action                   || total
-------------------------++-------
Melee: Unarmed           ||    23
 Cast: Summon Small Mamm ||    23
       Call Imp          ||     4
  Use: Potion            ||     1
Armor: Robe              ||    23
Dodge: Dodged            ||    51
